AoeStats
← Reis

Nomad

505710520Analyzed
4v4 RM · 23d ago on Sep 10, 2026· 13m 38s· 8 players
Game mode
Random Map
Map size
231×231
Population
200
Speed
Normal
Resources
Standard
Victory
Conquest
Starting age
Dark Age
Ending age
Imperial Age
RankedLock teamsTeams togetherTeam positionsShared explorationLock speedFull tech treeHidden civsTurbo modeCheats
Victory
Defeat
🇧🇷 Portuguese · Brazil
1545
+12
🇨🇭 Italians · Switzerland
1487
+14
🇮🇹 Celts · Italy
1415
+16
🇪🇸 Teutons · Spain
1410
+17
🇮🇱 Persians · Israel
1462
-16
🇨🇭 Bulgarians · Switzerland
1448
-15
🇪🇸 Magyars · Spain
1429
-14
🇦🇹 Malians · Austria
1426
-14
Reis
14:38 Feudal Age
Wavelogic
13:16 Feudal Age
12:26 Loom
IRON MIKE
4:49 Loom
13:34 Feudal Age
Aspirante
7:42 Loom
15:33 Feudal Age
JesusVII
4:27 Loom
12:26 Feudal Age
13:04 Double-Bit Axe
13:45 Town Watch
Zaphod
6:43 Loom
12:02 Feudal Age
12:32 Double-Bit Axe
GAX | Urubu
10:31 Loom
12:57 Feudal Age
GdR_Salinaro
12:50 Feudal Age
13:48 Double-Bit Axe
Connection lost

Rejoining the realm…

Still unreachable

The connection could not be restored.

Session expired

The server has moved on; the page needs a fresh start.